 Dungeon Crawl Stone Soup version 0.30-a0-354-g6b83867211 (webtiles) character file.

Game seed: 16297520533167138622

2758 koil the Covert (level 9, -1/45 HPs)
             Began as a Spriggan Enchanter on Nov 8, 2022.
             Was an Initiate of Gozag.
             Slain by an orc
             ... wielding a +0 halberd
              (8 damage)
             ... in a bailey.
             The game lasted 00:28:08 (8064 turns).

koil the Covert (Spriggan Enchanter)                Turns: 8064, Time: 00:28:11

Health: -1/45      AC:  4    Str:  4    XL:     9   Next: 41%
Magic:  0/19       EV: 20    Int: 21    God:    Gozag
Gold:   445        SH:  0    Dex: 15    Spells: 13/21 levels left

rFire   . . .      SeeInvis +    a - +3 dagger (venom)
rCold   . . .      Faith    .    (no shield)
rNeg    . . .      Spirit   +    v - +2 robe {Will+}
rPois   .          Reflect  .    (helmet restricted)
rElec   .          Harm     .    (no cloak)
rCorr   +          Rampage  .    (gloves unavailable)
Will    +++..                    (boots unavailable)
Stlth   ++++......               h - amulet of guardian spirit
HPRegen 0.27/turn                d - ring of willpower
MPRegen 0.16/turn                A - ring of resist corrosion

@: confusing by touch, gold aura, very quick
A: very small, no large weapons, unfitting armour, see invisible, speed 3,
antennae 2
a: Renounce Religion, Potion Petition, Call Merchant, Bribe Branch


You were in a bailey.
You worshipped Gozag.
Gozag was aware of your devotion.
You visited 2 branches of the dungeon, and saw 8 of its levels.
You also visited: Bailey.

You collected 572 gold pieces.
You paid 127 gold pieces to Gozag.

Inventory:

Hand Weapons
 a - a +3 dagger of venom (weapon)
 i - a +2 scimitar of flaming
 l - a +3 short sword of freezing
 E - a +3 dagger
Missiles
 r - 3 poisoned darts (quivered)
Armour
 j - +1 steam dragon scales
 v - a +2 robe of willpower (worn)
Jewellery
 d - a ring of willpower (left hand)
 f - a ring of poison resistance
 h - an amulet of guardian spirit (around neck)
 A - a ring of resist corrosion (right hand)
Wands
 b - a wand of polymorph (13)
 q - a wand of roots (17)
 C - a wand of mindburst (13)
Scrolls
 e - a scroll of magic mapping
 n - 3 scrolls of fear
 t - a scroll of silence
 w - a scroll of identify
Potions
 c - 2 potions of invisibility
 k - a potion of curing
 m - a potion of resistance
 o - a potion of cancellation
 p - 2 potions of might
 s - a potion of haste
 z - a potion of lignification


   Skills:
 + Level 3.9 Fighting
 + Level 5.5 Short Blades
 + Level 7.2 Dodging
 - Level 8.0 Stealth
 + Level 6.5 Spellcasting
 + Level 3.4 Conjurations
 - Level 7.0 Hexes


You had 13 spell levels left.
You knew the following spells:

 Your Spells              Type           Power      Damage    Failure   Level
a - Ensorcelled Hibernat  Hex/Ice        42%        N/A       3%          2
b - Confusing Touch       Hex            36%        N/A       1%          3
c - Dazzling Flash        Conj/Hex       56%        N/A       3%          3

Your spell library contained the following spells:

 Spells                   Type           Power      Damage    Failure   Level
 Tukima's Dance           Hex            36%        N/A       1%          3
 Cause Fear               Hex            18%        N/A       5%          4
 Inner Flame              Hex/Fire       21%        N/A       7%          3
 Cigotuvi's Dreadful Rot  Necr/Pois/Air  12%        N/A       14%         2
 Poisonous Vapours        Pois/Air       12%        N/A       14%         2
 Mephitic Cloud           Conj/Pois/Air  11%        N/A       17%         3
 Discord                  Hex            18%        N/A       100%        8


Dungeon Overview and Level Annotations

Branches:
Dungeon (7/15)             Temple (1/1) D:6          Bailey (1/1)

Altars:
Cheibriados
Dithmenos
Elyvilon
Fedhas
Gozag
Hepliaklqana
Kikubaaqudgha
Makhleb
Okawaru
Ru
Sif Muna
Trog
Uskayaw
Vehumet
Wu Jian
Yredelemnul
Zin
The Shining One

Shops:
D:1 :   D:6 =


Innate Abilities, Weirdness & Mutations

You are very small and have problems with some larger weapons.
You are too small for most types of armour.
You have supernaturally acute eyesight. (SInv)
You cover ground extremely quickly. (Speed+++)
You have a pair of antennae on your head.


Message History

The orc shouts!
You hit the centaur.
The centaur is poisoned.
The centaur is lightly wounded.
The orc is no longer distracted by gold.
The centaur hits you with a +0 trident.
* * * LOW HITPOINT WARNING * * *
The centaur kicks you but does no damage.
You hit the centaur.
The centaur is moderately wounded.
The orc is no longer distracted by gold.
The orc completely misses you. The centaur misses you.
The centaur kicks you but does no damage.
The orc closely misses you.
You hit the centaur.
The centaur looks as sick as possible!
The centaur is heavily wounded.
The centaur closely misses you. The centaur kicks you.
* * * LOW HITPOINT WARNING * * *
The orc misses you.
The orc is distracted by your dazzling golden aura.
You hit the centaur but do no damage.
The centaur looks as sick as possible!
The centaur is heavily wounded.
The orc is no longer distracted by gold.
The centaur hits you with a +0 trident.
* * * LOW HITPOINT WARNING * * *
The centaur kicks you.
* * * LOW HITPOINT WARNING * * *
Casting: Confusing Touch (safe; 1% risk of failure)
Confirm with . or Enter, or press ? or * to list all spells.
Your hands begin to glow red.
The centaur hits you with a +0 trident.
* * * LOW HITPOINT WARNING * * *
The centaur closely misses you. The orc completely misses you.
The orc closely misses you.
You hit the centaur but do no damage.
You punch the centaur, but do no damage.
The centaur is severely wounded.
The centaur misses you. The centaur closely misses you.
The orc barely misses you.
The orc hits you from afar with a +0 halberd!
You die...
Your body crumbles into a pile of gold.

#≈≈$.≈≈.≈≈≈...≈≈≈.≈.≈≈.#
#≈$..≈.≈≈..⌠.⌠..≈.≈≈.≈.#
#≈...≈.....∩∩∩..≈....≈.#
#≈$..≈.≈≈..⌠.⌠..≈.≈≈.≈.#
#≈≈$.≈≈.≈≈≈...≈≈≈.≈.≈≈.#
#≈≈⌠..≈≈..≈≈≈≈≈..≈≈.≈.##{
##≈≈...≈≈≈$$.$.≈≈≈.≈≈.#
##≈≈....≈≈≈≈≈≈≈..≈≈..#
##≈..≈≈.oc@$$.≈≈≈.⌠.#
#≈...≈≈≈≈≈≈≈≈≈....##
#≈.........o..#####
####+########## { $


You could see a centaur (extremely poisoned) and 2 orcs.

Vanquished Creatures
  Maggie (D:6)
  Sigmund (D:5)
  Edmund (D:4)
  A water moccasin (D:6)
  An orc warrior (D:6)
  A sky beast (D:4)
  A black bear (D:5)
  An ogre (D:4)
  A phantom (D:7)
  3 bullfrogs
  5 scorpions
  2 necrophages (D:4)
  A gnoll sergeant (D:6)
  3 wights (D:7)
  A howler monkey (D:5)
  2 orc priests
  5 hounds
  2 jellies
  A gnoll bouda (D:4)
  Terence (D:2)
  Natasha (thrice) (D:2)
  6 orc wizards
  3 gnolls (D:6)
  6 adders
  2 white imps
  A dart slug (D:2)
  6 worms
  28 orcs
  8 ball pythons
  5 endoplasms
  4 giant cockroaches (D:1)
  15 goblins
  10 hobgoblins
  10 jackals
  8 quokkas
  6 bats
  7 frilled lizards
  10 kobolds
  2 rats (D:3)
  A spectral kobold (D:1)
176 creatures vanquished.

Notes
Turn   | Place    | Note
-------+----------+-------------------------------------------
     0 | D:1      | koil the Spriggan Enchanter began the quest for the Orb.
     0 | D:1      | Reached XP level 1. HP: 9/9 MP: 5/5
    89 | D:1      | Found a faded altar of an unknown god.
   147 | D:1      | Reached XP level 2. HP: 13/13 MP: 6/6
   153 | D:1      | Learned a level 2 spell: Ensorcelled Hibernation
   349 | D:1      | Found Aduipuefuas's Book Emporium.
   752 | D:1      | Reached XP level 3. HP: 14/17 MP: 8/8
  1269 | D:2      | Reached skill level 5 in Stealth
  1384 | D:2      | Noticed Natasha
  1390 | D:2      | Killed Natasha
  1391 | D:2      | Reached XP level 4. HP: 21/21 MP: 6/9
  1456 | D:2      | Reached skill level 1 in Fighting
  1560 | D:2      | Noticed Natasha
  1853 | D:2      | Noticed Terence
  1879 | D:2      | Killed Terence
  1880 | D:2      | Reached XP level 5. HP: 25/25 MP: 4/11
  1913 | D:2      | Killed Natasha
  2062 | D:2      | Noticed Natasha
  2080 | D:2      | Killed Natasha
  2437 | D:3      | You fall into a shaft and drop 1 floor!
  2512 | D:4      | Learned a level 3 spell: Confusing Touch
  2516 | D:4      | Learned a level 3 spell: Dazzling Flash
  2559 | D:4      | Noticed Edmund
  2563 | D:4      | Reached skill level 6 in Stealth
  2563 | D:4      | Reached skill level 1 in Conjurations
  2563 | D:4      | Reached XP level 6. HP: 30/30 MP: 12/12
  2891 | D:4      | Killed Edmund
  2892 | D:4      | Reached skill level 5 in Hexes
  2892 | D:4      | Reached XP level 7. HP: 29/35 MP: 2/14
  3386 | D:4      | Reached skill level 5 in Dodging
  3386 | D:4      | Reached skill level 7 in Stealth
  4542 | D:3      | Found a shimmering blue altar of Sif Muna.
  4643 | D:3      | Found a blossoming altar of Fedhas.
  4694 | D:3      | Found a glowing golden altar of the Shining One.
  4739 | D:5      | Entered Level 5 of the Dungeon
  4910 | D:5      | Reached XP level 8. HP: 28/39 MP: 6/16
  5044 | D:5      | Reached skill level 5 in Spellcasting
  5816 | D:5      | Noticed Sigmund
  5820 | D:5      | Killed Sigmund
  5821 | D:5      | Reached skill level 8 in Stealth
  6129 | D:6      | Found a staircase to the Ecumenical Temple.
  6295 | Temple   | Entered the Ecumenical Temple
  6432 | Temple   | Became a worshipper of Gozag Ym Sagoz the Greedy
  6718 | D:6      | Found Saxir's One-of-a-Kind Rings.
  6878 | D:6      | Noticed Maggie
  7179 | D:6      | Found a staircase to the Ecumenical Temple.
  7255 | D:6      | Reached XP level 9. HP: 44/44 MP: 14/18
  7258 | D:6      | Reached skill level 5 in Short Blades
  7335 | D:6      | Found Saxir's One-of-a-Kind Rings.
  7380 | D:6      | HP: 1/44 [Maggie/+2 scimitar of flaming (2)]
  7385 | D:6      | Killed Maggie
  7683 | D:7      | Found a snail-covered altar of Cheibriados.
  7943 | D:7      | Found a flagged portal.
  7976 | Bailey   | Entered a bailey
  7993 | Bailey   | Gained mutation: You have a pair of small antennae on your
                  | head. [potion of mutation]
  7993 | Bailey   | Gained mutation: You have a pair of antennae on your head.
                  | [potion of mutation]
  8064 | Bailey   | Slain by an orc

Illustrated notes

Levels and vault maps discovered:
D:1:      nzn_arrival_depleted_hourglass, layout_basic,
          dreamdust_ecumenical_altar_drowned_temple, serial_shops,
          nicolae_shop_stone, corexii_corridor_pit
D:2:      layout_loops_ring, uniq_natasha, uniq_terence
D:3:      layout_basic, general_overflow_altar, mainiacjoe_overflow_boulevard,
          fedhas_altar_fruit_tree
D:4:      minmay_razor_zed, layout_loops_ring, uniq_edmund
D:5:      layout_loops_ring, kennysheep_potato, uniq_sigmund
D:6:      layout_basic, minmay_temple_entry_stoned_glass,
          nicolae_shop_unique_rings, uniq_maggie
D:7:      layout_loops_ring, old_standard_altar, enter_bailey_5,
          guppyfry_early_elven_hall
Temple:   jpeg_temple_clearing
Bailey:   bailey_polearm_flooded_kennysheep, bailey

Skill      XL: |  1  2  3  4  5  6  7  8  9 |
---------------+----------------------------+-----
Dodging        | 3 4 5 6 7 |  7.2
Spellcasting   | 3 4 5 6 |  6.5
Stealth        | 5 6 7 8 |  8.0
Hexes          | 4 5 6 7 |  7.0
Fighting       | 1 2 3 |  3.9
Short Blades   | 2 3 4 5 |  5.5
Conjurations   | 1 2 3 |  3.4

Action                   |  1- 3 |  4- 6 |  7- 9 || total
-------------------------+-------+-------+-------++-------
Melee: Dagger            |   148 |   129 |   350 ||   627
       Punch             |     1 |     2 |     5 ||     8
       Short sword       |       |       |    30 ||    30
 Cast: Ensorcelled Hiber |     2 |    25 |    51 ||    78
       Confusing Touch   |       |     2 |    13 ||    15
  Use: Scroll            |       |       |    15 ||    15
       Potion            |       |       |     4 ||     4
 Stab: Sleeping          |    18 |    17 |    36 ||    71
       Confused          |       |     3 |     8 ||    11
       Distracted        |       |       |     1 ||     1
Armor: Robe              |    22 |     8 |    15 ||    45
Dodge: Dodged            |   109 |    89 |   295 ||   493

Table legend: (Time is in decaauts)
 A = Elapsed time spent in this place.
 B = Non-inter-level travel time spent in this place.
 C = Inter-level travel time spent in this place.
 D = Time resting spent in this place.
 E = Time spent auto-exploring this place.
 F = Levels seen in this place.
 G = Mean time per level.
                   A        B        C        D        E       F      G
               +--------+--------+--------+--------+--------+-----+--------+
         Total |   5991 |   5752 |    239 |    743 |   3576 |   9 |  665.7 |
       Dungeon |   5583 |   5393 |    190 |    543 |   3527 |   7 |  797.6 |
        Temple |    348 |    300 |     48 |    200 |     49 |   1 |  348.0 |
        Bailey |     59 |     59 |      0 |      0 |      0 |   1 |   59.0 |
               +--------+--------+--------+--------+--------+-----+--------+

Top non-repeatable levels by time:
     D:4: 1438 daAuts
     D:5: 947 daAuts
     D:6: 866 daAuts
     D:1: 808 daAuts
     D:2: 797 daAuts
     D:3: 494 daAuts
  Temple: 348 daAuts
     D:7: 231 daAuts
  Bailey: 59 daAuts
